TOP OF THE 1ST |
Milton Bills batting - Pitching for Lévis Rocks : LHP Michael Fields
|
Pitching: LHP Michael Fields
|
|
Batting: LHB Lance Schiffer
|
0-0: Fly out, F7 (Flyball, 78S)
|
Batting: LHB Johnny Hernández
|
0-0: Called Strike 0-1: Ball 1-1: Foul Ball, location: 2F 1-2: Foul Ball, location: 2F 1-2: Ball 2-2: Fly out, F8 (Flyball, 8RM)
|
Batting: RHB Alden Wiley
|
0-0: Fly out, F9 (Flyball, 9LM)
|
Top of the 1st over - 0 run(s), 0 hit(s), 0 error(s), 0 left on base; Milton 0 - Lévis 0 |
BOTTOM OF THE 1ST |
Lévis Rocks batting - Pitching for Milton Bills : RHP Curt Timperley
|
Pitching: RHP Curt Timperley
|
|
Batting: LHB Edward Carlson
|
0-0: Bunt for hit - play at first, batter OUT! 1-3
|
Batting: RHB Raúl Valadez
|
0-0: Ball 1-0: Swinging Strike 1-1: Ball 2-1: Ball 3-1: Base on Balls
|
Batting: RHB Dan Holliday
|
0-0: Ball 1-0: Ball 2-0: Foul Ball, location: 2F 2-1: Ground out 3-1 (Groundball, 34) Raúl Valadez to second
|
Batting: RHB Pedro Mendoza
|
0-0: Ball 1-0: Ball 2-0: Called Strike 2-1: Foul Ball, location: 2F 2-2: Ball 3-2: Base on Balls
|
Batting: RHB Ernie McPherson
|
0-0: Foul Ball, location: 2F 0-1: Ball 1-1: Ball 2-1: Foul Ball, location: 2F 2-2: Ball 3-2: Foul Ball, location: 2F 3-2: SINGLE (Groundball, 34D) Raúl Valadez to third Pedro Mendoza to second Raúl Valadez scores Pedro Mendoza to third
|
Batting: SHB Bartolo Fernández
|
0-0: Ball 1-0: Ball 2-0: Foul Ball, location: 2F 2-1: SINGLE (Line Drive, 9LM) Pedro Mendoza scores Ernie McPherson to second
|
Batting: RHB Melvin Hunter
|
0-0: Called Strike 0-1: Ball 1-1: Ball 2-1: DOUBLE (Line Drive, 7D) Ernie McPherson scores Bartolo Fernández to third
|
Pinch Runner at 2nd Jim Unknown:
|
|
Batting: RHB Nectanebos Dolenian
|
0-0: Called Strike 0-1: 3-RUN HOME RUN (Flyball, 7D), Distance : 378 ft
|
Batting: RHB Jimmy Allen
|
0-0: Foul Ball, location: 2F 0-1: Ball 1-1: Foul Ball, location: 2F 1-2: Fly out, F4 (Popup, 34)
|
Bottom of the 1st over - 6 run(s), 4 hit(s), 0 error(s), 0 left on base; Milton 0 - Lévis 6 |
TOP OF THE 2ND |
Milton Bills batting - Pitching for Lévis Rocks : LHP Michael Fields
|
Batting: LHB David Hunt
|
0-0: Foul Ball, location: 2F 0-1: Called Strike 0-2: Ball 1-2: Strikes out looking
|
Batting: RHB Shane Franklin
|
0-0: Fly out, F9 (Flyball, 9M)
|
Batting: SHB Al Anderson
|
0-0: Called Strike 0-1: Ball 1-1: Swinging Strike 1-2: Fly out, F8 (Flyball, 8RD)
|
Top of the 2nd over - 0 run(s), 0 hit(s), 0 error(s), 0 left on base; Milton 0 - Lévis 6 |
BOTTOM OF THE 2ND |
Lévis Rocks batting - Pitching for Milton Bills : RHP Curt Timperley
|
Batting: LHB Edward Carlson
|
0-0: Called Strike 0-1: Called Strike 0-2: Foul Ball, location: 2F 0-2: Ball 1-2: Ball 2-2: Reaches on Catchers interference
|
Pitching: LHP César García
|
|
Batting: RHB Raúl Valadez
|
0-0: Ball 1-0: Ball 2-0: Foul Ball, location: 2F 2-1: Swinging Strike 2-2: Foul Ball, location: 2F 2-2: Strikes out swinging
|
Batting: RHB Dan Holliday
|
0-0: Ball 1-0: Foul Ball, location: 2F 1-1: Swinging Strike 1-2: Ball 2-2: Fly out, F9 (Flyball, 9M)
|
Batting: RHB Pedro Mendoza
|
0-0: Swinging Strike 0-1: Swinging Strike 0-2: Strikes out swinging
|
Bottom of the 2nd over - 0 run(s), 0 hit(s), 1 error(s), 1 left on base; Milton 0 - Lévis 6 |
TOP OF THE 3RD |
Milton Bills batting - Pitching for Lévis Rocks : LHP Jim Unknown
|
Pitching: LHP Jim Unknown
|
|
Batting: RHB Steve McLeod
|
0-0: Ball 1-0: Called Strike 1-1: Ball 2-1: Swinging Strike 2-2: Ball 3-2: Foul Ball, location: 2F 3-2: SINGLE (Line Drive, 7LS)
|
Batting: LHB Edwin Church
|
0-0: Ball 1-0: Ball 2-0: Grounds into double play, 3-6-3 (Groundball, 3)
|
Batting: RHB Orlando Trevino
|
0-0: Called Strike 0-1: Fly out, F8 (Flyball, 8LM)
|
Top of the 3rd over - 0 run(s), 1 hit(s), 0 error(s), 0 left on base; Milton 0 - Lévis 6 |
BOTTOM OF THE 3RD |
Lévis Rocks batting - Pitching for Milton Bills : LHP César García
|
Batting: RHB Ernie McPherson
|
0-0: Called Strike 0-1: SINGLE (Line Drive, 89S)
|
Batting: SHB Bartolo Fernández
|
0-0: Ball 1-0: Called Strike 1-1: Called Strike 1-2: Foul Ball, location: 2F 1-2: Foul Ball, location: 2F 1-2: Strikes out swinging
|
Batting: LHB Jim Unknown
|
0-0: Swinging Strike 0-1: Grounds into double play, 4-6-3 (Groundball, 34)
|
Bottom of the 3rd over - 0 run(s), 1 hit(s), 0 error(s), 0 left on base; Milton 0 - Lévis 6 |
TOP OF THE 4TH |
Milton Bills batting - Pitching for Lévis Rocks : LHP Jim Unknown
|
Batting: LHB Lance Schiffer
|
0-0: Ball 1-0: SINGLE (Groundball, 4MD)
|
Batting: LHB Johnny Hernández
|
0-0: Ball 1-0: Ball 2-0: Swinging Strike 2-1: Foul Ball, location: 2F 2-2: Fly out, F7 (Flyball, 7M)
|
Batting: RHB Alden Wiley
|
0-0: Called Strike Lance Schiffer steals 2nd base 0-1: Ball Lance Schiffer is caught stealing 3rd base 1-1: Fly out, F9 (Flyball, 89S)
|
Top of the 4th over - 0 run(s), 1 hit(s), 0 error(s), 0 left on base; Milton 0 - Lévis 6 |
BOTTOM OF THE 4TH |
Lévis Rocks batting - Pitching for Milton Bills : LHP César García
|
Batting: RHB Nectanebos Dolenian
|
0-0: Foul Ball, location: 2F 0-1: Ball 1-1: Foul Ball, location: 2F 1-2: Foul Ball, location: 2F 1-2: SINGLE (Groundball, 4MD)
|
Batting: RHB Jimmy Allen
|
0-0: Ball 1-0: Called Strike 1-1: Ball 2-1: Called Strike 2-2: Foul Ball, location: 2F 2-2: Ball 3-2: Foul Ball, location: 2F 3-2: Foul Ball, location: 2F 3-2: Base on Balls Nectanebos Dolenian to second
|
Batting: LHB Edward Carlson
|
0-0: Ball 1-0: Ball 2-0: Ball 3-0: Base on Balls Nectanebos Dolenian to third Jimmy Allen to second
|
Batting: RHB Raúl Valadez
|
0-0: Called Strike 0-1: Foul Ball, location: 2F 0-2: Fly out, F9 (Flyball, 89S)
|
Batting: RHB Dan Holliday
|
0-0: Ball 1-0: Called Strike 1-1: Ball 2-1: Swinging Strike 2-2: Ball Wild Pitch! Nectanebos Dolenian scores Jimmy Allen to third Edward Carlson to second 3-2: Fly out, F9 (Flyball, 89M) Runner from 3rd tags up, OUT at HOME
|
Bottom of the 4th over - 1 run(s), 1 hit(s), 0 error(s), 1 left on base; Milton 0 - Lévis 7 |
TOP OF THE 5TH |
Milton Bills batting - Pitching for Lévis Rocks : LHP Jim Unknown
|
Batting: LHB David Hunt
|
0-0: Ball 1-0: Called Strike 1-1: Swinging Strike 1-2: Strikes out looking
|
Batting: RHB Shane Franklin
|
0-0: Called Strike 0-1: Fly out, F9 (Line Drive, 89D)
|
Batting: SHB Al Anderson
|
0-0: Ball 1-0: Swinging Strike 1-1: Ball 2-1: Ball 3-1: Swinging Strike 3-2: SINGLE (Groundball, 6D)
|
Batting: RHB Steve McLeod
|
0-0: Ball 1-0: Ball 2-0: Called Strike 2-1: Ball 3-1: Base on Balls Al Anderson to second
|
Batting: LHB Edwin Church
|
0-0: Ball 1-0: 3-RUN HOME RUN (Line Drive, 9LD), Distance : 350 ft
|
Batting: RHB Orlando Trevino
|
0-0: Ball 1-0: Swinging Strike 1-1: Ball 2-1: Called Strike 2-2: Strikes out swinging
|
Top of the 5th over - 3 run(s), 2 hit(s), 0 error(s), 0 left on base; Milton 3 - Lévis 7 |
BOTTOM OF THE 5TH |
Lévis Rocks batting - Pitching for Milton Bills : LHP César García
|
Batting: RHB Pedro Mendoza
|
0-0: Called Strike 0-1: Called Strike 0-2: Foul Ball, location: 2F 0-2: Strikes out swinging
|
Batting: RHB Ernie McPherson
|
0-0: Ball 1-0: Called Strike 1-1: Foul Ball, location: 2F 1-2: Strikes out swinging
|
Batting: SHB Bartolo Fernández
|
0-0: Ball 1-0: Ball 2-0: Ball 3-0: Called Strike 3-1: Swinging Strike 3-2: Foul Ball, location: 2F 3-2: Base on Balls
|
Batting: LHB Jim Unknown
|
0-0: Ball 1-0: Fly out, F3 (Popup, 3SF)
|
Bottom of the 5th over - 0 run(s), 0 hit(s), 0 error(s), 1 left on base; Milton 3 - Lévis 7 |
TOP OF THE 6TH |
Milton Bills batting - Pitching for Lévis Rocks : LHP Jim Unknown
|
Pitching: RHP Aaron Morris
|
|
Batting: LHB Lance Schiffer
|
0-0: Foul Ball, location: 2F 0-1: SINGLE (Line Drive, 9S)
|
Batting: LHB Johnny Hernández
|
0-0: Ball 1-0: Swinging Strike 1-1: SINGLE (Line Drive, 6D) Lance Schiffer to second
|
Batting: RHB Alden Wiley
|
0-0: Ball 1-0: Called Strike 1-1: Fly out, F8 (Flyball, 8LM)
|
Batting: LHB David Hunt
|
0-0: Called Strike Lance Schiffer steals 3rd base Johnny Hernández to second 0-1: Ball Wild Pitch! Lance Schiffer scores Johnny Hernández to third 1-1: Foul Ball, location: 2F 1-2: Foul Ball, location: 2F 1-2: Ball 2-2: Foul Ball, location: 2F 2-2: Fly out, F7 (Flyball, 7S)
|
Batting: RHB Shane Franklin
|
0-0: Ball 1-0: Ball 2-0: Foul Ball, location: 2F 2-1: Foul Ball, location: 2F 2-2: Foul Ball, location: 2F 2-2: Foul Ball, location: 2F 2-2: Ground out 3-1 (Groundball, 34)
|
Top of the 6th over - 1 run(s), 2 hit(s), 0 error(s), 1 left on base; Milton 4 - Lévis 7 |
BOTTOM OF THE 6TH |
Lévis Rocks batting - Pitching for Milton Bills : LHP César García
|
Batting: RHB Nectanebos Dolenian
|
0-0: Ball 1-0: Ball 2-0: Bunt for hit - play at first, batter safe!
|
Batting: RHB Jimmy Allen
|
0-0: Called Strike 0-1: Foul Ball, location: 2F 0-2: Foul Ball, location: 2F 0-2: Ball 1-2: Fly out, F7 (Flyball, 78S)
|
Batting: LHB Edward Carlson
|
0-0: Ball 1-0: Ball 2-0: Ball 3-0: Called Strike 3-1: Foul Ball, location: 2F 3-2: Foul Ball, location: 2F 3-2: Foul Ball, location: 2F 3-2: Base on Balls Nectanebos Dolenian to second
|
Batting: RHB Raúl Valadez
|
0-0: Ball 1-0: Fielders Choice at 2nd, 6-4 (Groundball, 6) Nectanebos Dolenian to third
|
Batting: RHB Dan Holliday
|
0-0: Ball 1-0: Fly out, F9 (Flyball, 9LM)
|
Bottom of the 6th over - 0 run(s), 1 hit(s), 0 error(s), 2 left on base; Milton 4 - Lévis 7 |
TOP OF THE 7TH |
Milton Bills batting - Pitching for Lévis Rocks : RHP Aaron Morris
|
Batting: SHB Al Anderson
|
0-0: Called Strike 0-1: Ball 1-1: SINGLE (Line Drive, 6D)
|
Batting: RHB Steve McLeod
|
0-0: Called Strike 0-1: Foul Ball, location: 2F 0-2: Strikes out swinging
|
Batting: LHB Edwin Church
|
0-0: Called Strike 0-1: Ball 1-1: Called Strike 1-2: Strikes out looking
|
Batting: RHB Orlando Trevino
|
0-0: Ball 1-0: Ball 2-0: Ball 3-0: Base on Balls Al Anderson to second
|
Batting: LHB Lance Schiffer
|
0-0: Ball 1-0: Swinging Strike 1-1: Foul Ball, location: 2F 1-2: Ground out U3 (Groundball, 3S)
|
Top of the 7th over - 0 run(s), 1 hit(s), 0 error(s), 2 left on base; Milton 4 - Lévis 7 |
BOTTOM OF THE 7TH |
Lévis Rocks batting - Pitching for Milton Bills : LHP César García
|
Pitching: LHP Morris Nicholson
|
|
Batting: RHB Pedro Mendoza
|
0-0: Ball 1-0: Ball 2-0: DOUBLE (Flyball, 78D)
|
Batting: RHB Ernie McPherson
|
0-0: Ball 1-0: Called Strike 1-1: Swinging Strike 1-2: Foul Ball, location: 2F 1-2: 2-RUN HOME RUN (Flyball, 9D), Distance : 347 ft
|
Pitching: RHP Luke Merkley
|
|
Batting: SHB Bartolo Fernández
|
0-0: Ball 1-0: Ball 2-0: Foul Ball, location: 2F 2-1: Foul Ball, location: 2F 2-2: Ball 3-2: Strikes out swinging
|
Batting: LHB Jim Unknown
|
0-0: Ball 1-0: Foul Ball, location: 2F 1-1: Ball 2-1: Swinging Strike 2-2: SINGLE (Groundball, 4MD)
|
Batting: RHB Nectanebos Dolenian
|
0-0: Ball 1-0: Called Strike 1-1: Foul Ball, location: 2F 1-2: Ball 2-2: Ball 3-2: Fly out, F9 (Flyball, 89S)
|
Batting: RHB Jimmy Allen
|
0-0: SINGLE (Groundball, 56D) Jim Unknown to second
|
Batting: LHB Edward Carlson
|
0-0: Ball 1-0: Called Strike 1-1: Fly out, F9 (Flyball, 89M)
|
Bottom of the 7th over - 2 run(s), 4 hit(s), 0 error(s), 2 left on base; Milton 4 - Lévis 9 |
TOP OF THE 8TH |
Milton Bills batting - Pitching for Lévis Rocks : RHP Aaron Morris
|
Pitching: RHP Jim Unknown
|
|
Batting: LHB Johnny Hernández
|
0-0: Called Strike 0-1: Called Strike 0-2: Ball 1-2: Ball 2-2: Foul Ball, location: 2F 2-2: Strikes out swinging
|
Batting: RHB Alden Wiley
|
0-0: Ball 1-0: Ball 2-0: Called Strike 2-1: Ground out 6-3 (Groundball, 6)
|
Batting: LHB David Hunt
|
0-0: Called Strike 0-1: Swinging Strike 0-2: Foul Ball, location: 2F 0-2: Ball 1-2: Strikes out swinging
|
Top of the 8th over - 0 run(s), 0 hit(s), 0 error(s), 0 left on base; Milton 4 - Lévis 9 |
BOTTOM OF THE 8TH |
Lévis Rocks batting - Pitching for Milton Bills : RHP Luke Merkley
|
Batting: RHB Raúl Valadez
|
0-0: Ball 1-0: Ball 2-0: Ball 3-0: Base on Balls
|
Batting: RHB Dan Holliday
|
0-0: Swinging Strike 0-1: Grounds into double play, U4-3 (Groundball, 4M)
|
Batting: RHB Pedro Mendoza
|
0-0: Ball 1-0: Called Strike 1-1: Swinging Strike 1-2: SINGLE (Line Drive, 4D)
|
Batting: RHB Ernie McPherson
|
0-0: Ball 1-0: Called Strike 1-1: Ball 2-1: Ball 3-1: Foul Ball, location: 2F 3-2: Fly out, F8 (Flyball, 8LM)
|
Bottom of the 8th over - 0 run(s), 1 hit(s), 0 error(s), 1 left on base; Milton 4 - Lévis 9 |
TOP OF THE 9TH |
Milton Bills batting - Pitching for Lévis Rocks : RHP Jim Unknown
|
Batting: RHB Shane Franklin
|
0-0: Fly out, F8 (Flyball, 8RM)
|
Batting: SHB Al Anderson
|
0-0: Ball 1-0: Called Strike 1-1: Ground out 6-3 (Groundball, 6)
|
Batting: RHB Steve McLeod
|
0-0: Called Strike 0-1: SINGLE (Line Drive, 3D)
|
Batting: LHB Edwin Church
|
0-0: Reached on error, E3 (Groundball, 3S) Steve McLeod to second
|
Batting: RHB Orlando Trevino
|
0-0: Called Strike 0-1: Ball 1-1: Ball 2-1: Fly out, F7 (Flyball, 8LXD)
|
Top of the 9th over - 0 run(s), 1 hit(s), 1 error(s), 2 left on base; Milton 4 - Lévis 9 |
|